 Dungeon Crawl Stone Soup version 0.23-a0-577-g2b1de94 (webtiles) character file.

67 Inarius the Chopper (level 4, -4/35 HPs)
             Began as a Human Chaos Knight on Dec 15, 2018.
             Was a Plaything of Xom.
             Slain by a worker ant (8 damage)
             ... on level 3 of the Dungeon.
             The game lasted 00:02:48 (1808 turns).

Inarius the Chopper (Human Chaos Knight)            Turns: 1808, Time: 00:02:48

Health: -4/35      AC:  6    Str: 13    XL:     4   Next: 38%
Magic:  4/4        EV:  9    Int: 12    God:    Xom [*.....]
Gold:   79         SH:  0    Dex: 13    Spells: 3/3 levels left

rFire    . . .     SeeInvis .   a - +0 hand axe (chaos)
rCold    . . .     Gourm    .   (no shield)
rNeg     . . .     Faith    .   g - +0 scale mail
rPois    .         Spirit   .   (no helmet)
rElec    .         Reflect  .   (no cloak)
rCorr    .         Harm     .   (no gloves)
MR       .....                  (no boots)
Stlth    ..........             (no amulet)
HPRegen  0.11/turn              (no ring)
MPRegen  0.09/turn              (no ring)

@: no status effects
A: no striking features
a: Renounce Religion


You were on level 3 of the Dungeon.
You worshipped Xom.
You were a special plaything of Xom.
You were not hungry.

You visited 1 branch of the dungeon, and saw 3 of its levels.

You collected 79 gold pieces.

Inventory:

Hand Weapons
 a - a +0 hand axe of chaos (weapon)
 i - a +1 trident of venom
Missiles
 h - 4 javelins (quivered)
Armour
 g - a +0 scale mail (worn)
Jewellery
 b - a cursed -4 ring of strength {unknown}
Wands
 n - a wand of disintegration (18)
Scrolls
 e - 6 scrolls of identify {unknown}
 f - a scroll of enchant weapon {unknown}
 k - a scroll of remove curse
Potions
 l - a potion of might {unknown}
 m - a potion of heal wounds {unknown}
 o - a potion of flight {unknown}
Comestibles
 c - 3 rations


   Skills:
 + Level 3.4 Fighting
 * Level 4.5 Axes
 + Level 2.0 Armour
 + Level 1.1 Dodging


You had 3 spell levels left.
You didn't know any spells.
Your spell library contained the following spells:

 Spells                   Type           Power        Failure   Level  Hunger
 Animate Skeleton         Necr           N/A          83%         1    ##.....
 Apportation              Tloc           #.....       83%         1    ##.....
 Confusing Touch          Hex            #.....       83%         1    ##.....
 Summon Small Mammal      Summ           #...         83%         1    ##.....


Dungeon Overview and Level Annotations

Branches:
Dungeon (3/15)

Altars:
Sif Muna


Message History

You feel sick. The worker ant bites you!
* * * LOW HITPOINT WARNING * * *
You feel better. The worker ant bites you.
* * * LOW HITPOINT WARNING * * *
The worker ant bites you but does no damage.
As you read the scroll labeled ACRACWOFEV, it crumbles to dust.
You feel blessed for a moment.
It was a scroll of remove curse.
The worker ant bites you.
* * * LOW HITPOINT WARNING * * *
The worker ant bites you.
* * * LOW HITPOINT WARNING * * *
You are lethally poisoned!
The worker ant poisons you!
You feel better. The worker ant bites you.
* * * LOW HITPOINT WARNING * * *
As you read the scroll labeled USTU FUROLUQ, it crumbles to dust.
You assume a fearsome visage.
It was a scroll of fear.
The worker ant bites you!
You die...
Xom giggles madly!

#...#....#...#
#..........# #
#....##....# .#
#....##?...##.#
##.............#
#[..#....#.....#
#............#.#
#........a...#.#
#....###..@..#.#
##.## #.?.###.#
# #...(...#
#######.# #.#
#.#
#.###########.#
#.............#
#######.#######


You could see a worker ant (berserk).

Vanquished Creatures
  3 adders (D:2)
  An ooze (D:1)
  A worm (D:2)
  2 dart slugs
  2 ball pythons
  2 giant cockroaches
  A goblin (D:1)
  3 hobgoblins
  3 kobolds
  4 bats
  3 frilled lizards
  5 rats
30 creatures vanquished.

Notes
Turn   | Place    | Note
-------+----------+-------------------------------------------
     0 | D:1      | Inarius the Human Chaos Knight began the quest for the Orb.
     0 | D:1      | Reached XP level 1. HP: 18/18 MP: 1/1
    17 | D:1      | Reached XP level 2. HP: 16/24 MP: 2/2
   590 | D:2      | Reached XP level 3. HP: 25/29 MP: 3/3
   862 | D:2      | Reached skill level 4 in Axes
  1026 | D:2      | XOM: silly message
  1054 | D:2      | XOM is BORED!
  1054 | D:2      | XOM: harmless Summ miscast
  1203 | D:2      | Reached XP level 4. HP: 35/35 MP: 4/4
  1350 | D:2      | Found a deep blue altar of Sif Muna.
  1804 | D:3      | HP: 1/35 [worker ant (10)]
  1808 | D:3      | Slain by a worker ant

Vault maps used:
D:1:      matt_arrival_grand_opening
D:2:      lemuel_crystal_altar
D:3:      first_ration, skrybe_limestone_x, uniq_natasha

Skill      XL: |  1  2  3 |
---------------+----------+-----
Axes           | 4 |  4.5
Fighting       | |  3.4
Armour         | |  2.0
Dodging        | |  1.1

Action                   |  1- 3 |  4- 6 || total
-------------------------+-------+-------++-------
Melee: Hand axe          |    72 |    33 ||   105
Throw: Javelin           |     4 |       ||     4
  Use: Potion            |     2 |     2 ||     4
       Scroll            |       |     2 ||     2
 Stab: Sleeping          |     1 |       ||     1
  Eat: Chunk             |     1 |     2 ||     3
Armor: Leather armour    |    21 |       ||    21
       Scale mail        |     1 |     8 ||     9
Dodge: Dodged            |    59 |    13 ||    72

Table legend:
 A = Non-vault XP
 B = Vault XP
 C = Vault XP percentage of total XP
 D = Non-vault monster count
 E = Vault monster count
 F = Vault count percentage of total count
                 A         B        C        D         E       F
            +---------+---------+-------+---------+---------+-------
      Total |      96 |       0 |   0.0 |      30 |       0 |   0.0
            +---------+---------+-------+---------+---------+-------
        D:1 |      28 |       0 |   0.0 |      13 |       0 |   0.0
        D:2 |      63 |       0 |   0.0 |      15 |       0 |   0.0
        D:3 |       5 |       0 |   0.0 |       2 |       0 |   0.0
            +---------+---------+-------+---------+---------+-------
